 Dungeon Crawl Stone Soup version 0.26.1-2-gb8aa6d0cf2 (webtiles) character file.

Game seed: 6002061702331488191

1213 dohliylev the Ruffian (level 8, -1/75 HPs)
             Began as a Troll Warper on Mar 27, 2021.
             Was an Initiate of the Shining One.
             Slain by an orc warrior
             ... wielding a cursed +0 morningstar
              (14 damage)
             ... on level 7 of the Dungeon.
             The game lasted 00:08:48 (4106 turns).

dohliylev the Ruffian (Troll Warper)                Turns: 4106, Time: 00:08:48

Health: -1/75      AC:  7    Str: 22    XL:     8   Next: 22%
Magic:  8/8        EV: 11    Int:  9    God:    the Shining One [......]
Gold:   326        SH:  0    Dex:  9    Spells: 7/9 levels left

rFire    . . .     SeeInvis .     - Unarmed
rCold    . . .     Faith    .   (no shield)
rNeg     . . .     Spirit   .   i - +0 robe
rPois    .         Reflect  .   (helmet restricted)
rElec    .         Harm     .   s - +0 cloak
rCorr    .         Rampage  .   (gloves unavailable)
Will     .....                  (boots unavailable)
Stlth    +.........             (no amulet)
HPRegen  0.62/turn              (no ring)
MPRegen  0.11/turn              (no ring)

@: glowing
A: large, unfitting armour, claws 3, regeneration 1, shaggy fur 1, tough skin 3
a: Renounce Religion


You were on level 7 of the Dungeon.
You worshipped the Shining One.
The Shining One was noncommittal.
You visited 2 branches of the dungeon, and saw 8 of its levels.

You collected 326 gold pieces.

Inventory:

Missiles
 d - 5 boomerangs of dispersal (quivered)
Armour
 i - a +0 robe (worn)
 s - a +0 cloak (worn)
Wands
 m - a wand of digging (4)
 n - a wand of flame (17)
 o - a wand of random effects (11)
Scrolls
 b - 4 scrolls of remove curse {unknown}
 c - a scroll of blinking
 e - 5 scrolls of teleportation {unknown}
 f - 5 scrolls of identify {unknown}
 g - a scroll of amnesia {unknown}
 h - 2 scrolls of enchant weapon {unknown}
 p - a scroll of noise {unknown}
 r - a scroll of enchant armour {unknown}
Potions
 a - a potion of curing {unknown}
 j - a potion of cancellation {unknown}
 k - 2 potions of might {unknown}
 l - 2 potions of mutation {unknown}
 q - 2 potions of heal wounds {unknown}
 t - 2 potions of attraction {unknown}
 u - a potion of lignification {unknown}


   Skills:
 + Level 3.0 Fighting
 - Level 0.8 Throwing
 + Level 4.7 Dodging
 + Level 7.7 Unarmed Combat
 - Level 1.2 Spellcasting
 + Level 2.7 Translocations


You had 7 spell levels left.
You knew the following spells:

 Your Spells              Type           Power        Failure   Level
a - Blink                 Tloc           N/A          19%         2

Your spell library contained the following spells:

 Spells                   Type           Power        Failure   Level
 Gell's Gravitas          Tloc           2%           34%         3
 Lesser Beckoning         Tloc           2%           34%         3
 Teleport Other           Tloc           5%           34%         3
 Freeze                   Ice            0%           36%         1
 Frozen Ramparts          Ice            0%           73%         3
 Ozocubu's Armour         Ice            0%           73%         3
 Passage of Golubria      Tloc           N/A          75%         4
 Hailstorm                Conj/Ice       0%           98%         4
 Summon Ice Beast         Ice/Summ       0%           98%         4


Dungeon Overview and Level Annotations

Branches:
Dungeon (7/15)             Temple (1/1) D:5

Altars:
Ashenzari
Cheibriados
Dithmenos
Elyvilon
Fedhas
Gozag
Hepliaklqana
Kikubaaqudgha
Makhleb
Nemelex Xobeh
Okawaru
Qazlal
Ru
Sif Muna
Trog
Uskayaw
Vehumet
Wu Jian
Yredelemnul
Zin
The Shining One

Shops:
D:4 :

Annotations:
D:7 2 runed translucent doors


Innate Abilities, Weirdness & Mutations

You are too large for most types of armour.
You have claws for hands.
Your natural rate of healing is unusually fast.
You are covered in fur. (AC +1)
You have extremely tough skin. (AC +3)


Message History

The black bear is almost dead.
The orc warrior throws a boomerang.
The boomerang barely misses you.
The weapon returns to the orc warrior!
The black bear bites you. The black bear closely misses you.
The black bear claws you.
You scratch the black bear but do no damage.
The black bear is almost dead.
The orc warrior throws a boomerang.
The boomerang closely misses you.
The weapon returns to the orc warrior!
You mangle the black bear!!
You kill the black bear!
The orc warrior throws a boomerang.
The boomerang closely misses you.
The weapon returns to the orc warrior!
Your Fighting skill increases to level 3!
The orc warrior hits you with a cursed +0 morningstar!
* * * LOW HITPOINT WARNING * * *
You see here a black bear corpse.
You claw the orc warrior!
The orc warrior is moderately wounded.
The orc warrior hits you with a cursed +0 morningstar!
You die...

#"≈≈≈...
#######++###
..........#
......#....
#.#......
.#....... #..
....#())### ....
......#W[.# #...
#..$.o@.###.. ##.#
#.##.....##.#
..#.#
.####....#.##....#
.................
.............#.#
...............#
$.......#...#..##
#######.........##
. #.#........#....


You could see a phantom and an orc warrior.

Vanquished Creatures
  Sigmund (D:3)
  A black bear (D:7)
  An ogre (D:4)
  A bullfrog (D:6)
  2 scorpions
  A howler monkey (D:5)
  A bullfrog zombie (D:6)
  3 hounds
  2 orc priests
  A bullfrog skeleton (D:4)
  A jelly (D:5)
  3 orc wizards
  An iguana (D:4)
  A worker ant (D:4)
  Ijyb (D:4)
  A howler monkey skeleton (D:6)
  A worker ant zombie (D:5)
  8 adders
  3 gnolls (D:6)
  A shadow imp (D:5)
  An ufetubus (D:2)
  2 oozes (D:2)
  An adder skeleton (D:5)
  3 worms
  5 dart slugs
  3 leopard geckos
  10 orcs
  2 ball pythons
  3 giant cockroaches
  5 goblins
  6 hobgoblins
  8 jackals
  10 kobolds
  8 bats
  9 frilled lizards
  12 rats
123 creatures vanquished.

Notes
Turn   | Place    | Note
-------+----------+-------------------------------------------
     0 | D:1      | dohliylev the Troll Warper began the quest for the Orb.
     0 | D:1      | Reached XP level 1. HP: 19/19 MP: 1/1
   209 | D:1      | Reached XP level 2. HP: 28/28 MP: 2/2
   756 | D:2      | Reached XP level 3. HP: 34/35 MP: 3/3
   927 | D:2      | Found a faded altar of an unknown god.
  1006 | D:2      | Reached skill level 3 in Unarmed Combat
  1006 | D:2      | Reached XP level 4. HP: 42/42 MP: 4/4
  1431 | D:3      | Noticed Sigmund
  1463 | D:2      | Learned a level 2 spell: Blink
  1514 | D:3      | Killed Sigmund
  1515 | D:3      | Reached skill level 4 in Unarmed Combat
  1515 | D:3      | Reached XP level 5. HP: 34/49 MP: 5/5
  1515 | D:3      | Reached XP level 6. HP: 40/57 MP: 6/6
  1760 | D:3      | Reached skill level 5 in Unarmed Combat
  1996 | D:4      | Noticed Ijyb
  2001 | D:4      | Killed Ijyb
  2094 | D:4      | Found Noinoprie's Book Boutique.
  2129 | D:4      | Reached XP level 7. HP: 28/66 MP: 2/7
  2254 | D:4      | Reached skill level 6 in Unarmed Combat
  2764 | D:5      | Entered Level 5 of the Dungeon
  3061 | D:5      | Found a hide-covered altar of Uskayaw.
  3157 | D:5      | Found a staircase to the Ecumenical Temple.
  3166 | Temple   | Entered the Ecumenical Temple
  3442 | Temple   | Became a worshipper of the Shining One
  3822 | D:6      | Reached skill level 7 in Unarmed Combat
  3930 | D:6      | Reached XP level 8. HP: 70/74 MP: 8/8
  4090 | D:7      | Found a large runed translucent door.
  4090 | D:7      | Found a large runed translucent door.
  4106 | D:7      | Slain by an orc warrior

Illustrated notes

Levels and vault maps discovered:
D:1:      onia_arrival_handbag, layout_loops_ring
D:2:      layout_rooms, chequers_ecumenical_altar_simple_redux,
          minmay_lizard_pond
D:3:      layout_rooms, uniq_sigmund
D:4:      layout_rooms, serial_shops, nicolae_shop_trees, minivault_27,
          minmay_distorted, uniq_ijyb
D:5:      layout_loops_ring, minmay_temple_entry_trees, basic_altar
D:6:      layout_rooms
D:7:      layout_rooms, ebering_ghost_disaster_area, minmay_shattered_shrine,
          uniq_pikel
Temple:   nicolae_temple_the_god_donut

Skill      XL: |  1  2  3  4  5  6  7  8 |
---------------+-------------------------+-----
Dodging        | 2 3 4 |  4.7
Unarmed Combat | 3 4 5 7 |  7.7
Fighting       | 2 3 |  3.0
Throwing       | |  0.8
Spellcasting   | |  1.2
Translocations | |  2.7

Action                   |  1- 3 |  4- 6 |  7- 9 || total
-------------------------+-------+-------+-------++-------
Melee: Unarmed           |   137 |   163 |   138 ||   438
       Punch             |       |       |     2 ||     2
 Cast: Blink             |       |     3 |       ||     3
 Stab: Sleeping          |       |     1 |       ||     1
Armor: Robe              |    76 |    67 |    49 ||   192
Dodge: Dodged            |   118 |    75 |    89 ||   282
